Cogmind - Beta 13 @@@ ROGUE MODE // 2024.08.02 @ 14:15:00 Player: raftar Result: Self-destructed Performance ------------- Evolutions (1) 500 Regions Visited (3) 600 Robots Destroyed (12) 60 Value Destroyed (226) 226 Prototype IDs (0) 0 Alien Tech Used (0) 0 Bonus (0) 0 TOTAL SCORE: 1386 Bonus ------- None Cogmind --------- Core Integrity 400/400 Matter 5/300 Energy 100/100 System Corruption 0% Temperature Cool (0) Movement Rolling (80) Location -9/Materials Parts ------- > --- POWER (1) -------- (None) > --- PROPULSION (4) --- Wheel > --- UTILITY (2) ------ Small Storage Unit Seismic Detector > --- WEAPON (2) ------- (None) > --- INVENTORY (8) ---- Ion Engine Light Ion Engine Compact Wheel High-capacity Storage Unit Terrain Scan Processor Light Assault Rifle Peak State ------------ > --- POWER ------------ Light Ion Engine > --- PROPULSION ------- Aluminum Leg Aluminum Leg > --- UTILITY ---------- Small Storage Unit Seismic Detector > --- WEAPON ----------- Small Laser Assault Rifle > --- INVENTORY -------- Ion Engine Light Ion Engine Wheel Compact Wheel Light Assault Rifle [Rating: 7] Favorites ----------- Power Light Ion Engine Engine Light Ion Engine Propulsion Aluminum Leg Leg Aluminum Leg Wheel Wheel Utility Small Storage Unit Device Seismic Detector Storage Small Storage Unit Weapon Grenade Launcher Energy Gun Small Laser Ballistic Gun Assault Rifle Launcher Grenade Launcher Build | -11 -10 -10 -9 ------- Run | Yrd Mat Min Mat Slots Evolved 2 | . . . 2 Power . | . . . . Propulsion 2 | . . . 2 Utility . | . . . . Weapon . | . . . . Parts Attached 10 | 7 2 1 . Power 1 | 1 . . . Engine 1 | 1 . . . Core . | . . . . Reactor . | . . . . Propulsion 3 | 2 . 1 . Treads . | . . . . Leg 2 | 2 . . . Wheel 1 | . . 1 . Hover . | . . . . Flight . | . . . . Utility 2 | 2 . . . Device 1 | 1 . . . Storage 1 | 1 . . . Processor . | . . . . Hackware . | . . . . Protection . | . . . . Artifact . | . . . . Weapon 4 | 2 2 . . Energy Gun 1 | 1 . . . Energy Cannon . | . . . . Ballistic Gun 2 | 1 1 . . Ballistic Cannon . | . . . . Launcher 1 | . 1 . . Special Weapon . | . . . . Impact Weapon . | . . . . Slashing Weapon . | . . . . Piercing Weapon . | . . . . Special Melee Weapon . | . . . . Unidentified Prototypes . | . . . . Parts Lost 6 | . 3 3 . Power 1 | . 1 . . Propulsion 2 | . 1 1 . Utility . | . . . . Weapon 3 | . 1 2 . Highest Loss Streak 3 | . 2 3 . To Critical Strikes . | . . . . Average Slot Usage (%) 86 | . 91 49 . Engine 6 | . 7 . . Leg 23 | . 26 3 . Device 14 | . 14 14 . Storage 14 | . 14 14 . Energy Gun 7 | . 8 . . Ballistic Gun 6 | . 6 7 . Launcher 12 | . 13 3 . Naked Turns . | . . . . Heaviest Build 13 | 12 13 11 6 Greatest Support 20 | 20 20 10 10 Greatest Overweight (x) 3 | 2 1 3 . Average Overweight (x) . | . . . . Largest Inventory Capacity 8 | 8 8 8 8 Average Capacity 7 | 7 8 8 8 Most Carried 8 | 6 8 7 6 Average Carried 6 | 3 6 6 6 Final Capacity 8 | 8 8 8 8 Final Carried 7 | 5 7 6 6 Class Distribution -------------------- 100% | Mutant Dominant Class ---------------- Mutant | -10/Materials Mutant | -10/Mines Mutant | -9/Materials Resources | -11 -10 -10 -9 ----------- Run | Yrd Mat Min Mat Matter Collected 230 | 208 22 . . Remotely . | . . . . Salvage Created 118 | 14 104 . . Parts 22 | 5 17 . . Haulers Intercepted . | . . . . Recyclers Shooed . | . . . . Parts Field Recycled . | . . . . Retrieved Matter . | . . . . Parts Self-Destructed . | . . . . Prevented . | . . . . Kills | -11 -10 -10 -9 ------- Run | Yrd Mat Min Mat Combat Hostiles Destroyed 7 | . 7 . . AOE 7 | . 7 . . Classes Destroyed 4 | 1 3 . . Builder 4 | . 4 . . Tunneler 1 | 1 . . . Swarmer 3 | . 3 . . Grunt 4 | . 4 . . Best Kill Streak 11 | 1 11 . . Combat Bots Only 4 | . 4 . . Max Kills in Single Turn 2 | 1 2 . . Gunslinging . | . . . . Exploded 2 | . 2 . . Melee . | . . . . Uniques/NPCs Destroyed . | . . . . Combat | -11 -10 -10 -9 -------- Run | Yrd Mat Min Mat Hostile Shots Fired 98 | . 58 40 . Missed 36 | . 26 10 . Damage Taken 719 | . 481 238 . Core 181 | . 87 94 . Absorbed by Shields . | . . . . Core Remaining (%) 63 | 100 . 27 . Volleys Fired 37 | 2 35 . . Largest 2 | 2 1 . . Hottest 60 | 60 40 . . Shots Fired 39 | 4 35 . . Gun 15 | 4 11 . . Cannon . | . . . . Launcher 24 | . 24 . . Special . | . . . . Kinetic 5 | 2 3 . . Thermal 10 | 2 8 . . Explosive 24 | . 24 . . Electromagnetic . | . . . . Robot Hit Streak 7 | 1 7 . . Robot Miss Streak 8 | 2 8 . . Penetration Max . | . . . . Secondary Targets . | . . . . Shots Hit Robots 14 | 1 13 . . Core Hits 24 | 1 23 . . Critical Kills . | . . . . Critical Parts Destroyed . | . . . . Critical Strikes . | . . . . Melee Attacks . | . . . . Impact . | . . . . Slashing . | . . . . Piercing . | . . . . Sneak Attacks . | . . . . Combat Hostiles . | . . . . Follow-up Attacks . | . . . . Damage Inflicted 769 | 10 759 . . Guns 99 | 10 89 . . Cannons . | . . . . Explosions 670 | . 670 . . Melee . | . . . . Ramming . | . . . . Kinetic 25 | . 25 . . Thermal 74 | 10 64 . . Explosive 670 | . 670 . . Electromagnetic . | . . . . Impact . | . . . . Slashing . | . . . . Piercing . | . . . . Highest Corruption . | . . . . Average Corruption . | . . . . Corruption Purged . | . . . . Corruption Blocked . | . . . . Overload Shots . | . . . . Overflow Damage 35 | . 35 . . Projectiles . | . . . . Explosions 35 | . 35 . . Melee . | . . . . Knockbacks . | . . . . Impact . | . . . . Kinetic . | . . . . Secondary . | . . . . Self-Inflicted Damage 36 | . 36 . . Shots 1 | . 1 . . Rammed . | . . . . Targets Rammed . | . . . . Kicked . | . . . . Crushed . | . . . . Highest Temperature 4 | . 4 . . Average Temperature 2 | . 2 . . Received Heat Transfer 222 | . 222 . . Siege Activations . | . . . . Robots Corrupted . | . . . . Combat Hostiles . | . . . . Parts Fried . | . . . . Impact Corruptions . | . . . . Robots Melted . | . . . . Combat Hostiles . | . . . . Parts Melted . | . . . . Heat Transferred 175 | 25 150 . . Parts Sabotaged . | . . . . Parts Stolen . | . . . . Parts Stripped . | . . . . Power Chain Reactions . | . . . . Alert | -11 -10 -10 -9 ------- Run | Yrd Mat Min Mat Peak Influence 285 | 5 285 114 47 Initial 99 | . 3 99 32 Average 152 | 2 199 94 39 Maximum Alert Level 1 | . 1 . . Low Security (%) 52 | 100 33 100 100 Level 1 47 | . 66 . . Level 2 . | . . . . Level 3 . | . . . . Level 4 . | . . . . Level 5 . | . . . . High Security . | . . . . Max Security . | . . . . Squads Dispatched 2 | . 1 . 1 Investigation . | . . . . Extermination . | . . . . Reinforcement 2 | . 1 . 1 Assault . | . . . . Garrison . | . . . . Intercept . | . . . . Searches Triggered . | . . . . Construction Impeded . | . . . . Haulers Reinforced . | . . . . Active Scanning Responses . | . . . . Cargo Convoy Interrupts . | . . . . Stealth | -11 -10 -10 -9 --------- Run | Yrd Mat Min Mat Distress Signals 2 | . 2 . . Communications Jammed . | . . . . Distress Signals . | . . . . Times Spotted 17 | . 13 3 1 Peak Tracking Total 4 | . 4 3 1 Tactical Retreats . | . . . . Traps | -11 -10 -10 -9 ------- Run | Yrd Mat Min Mat Traps Triggered . | . . . . Indirectly . | . . . . Trap Hack Attempts . | . . . . Triggered . | . . . . Disarmed . | . . . . Reprogrammed . | . . . . Reused . | . . . . Traps Extracted . | . . . . Installed . | . . . . Triggered . | . . . . Machines | -11 -10 -10 -9 ---------- Run | Yrd Mat Min Mat Machines Disabled 2 | . 2 . . Max in Single Turn 1 | . 1 . . Machines Repaired . | . . . . Machines Dismantled . | . . . . Machines Sabotaged . | . . . . Overloaded Fab Kills . | . . . . Hacking | -11 -10 -10 -9 --------- Run | Yrd Mat Min Mat Machines Accessed . | . . . . Terminals . | . . . . Fabricators . | . . . . Repair Stations . | . . . . Recycling Units . | . . . . Scanalyzers . | . . . . Garrison Access . | . . . . Total Hacks . | . . . . Successful . | . . . . Failed . | . . . . Catastrophic . | . . . . Database Lockouts . | . . . . Manual . | . . . . Terminals . | . . . . Fabricators . | . . . . Repair Stations . | . . . . Recycling Units . | . . . . Scanalyzers . | . . . . Garrison Access . | . . . . Terminal Hacks . | . . . . Fabricator Hacks . | . . . . Repair Station Hacks . | . . . . Recycling Unit Hacks . | . . . . Scanalyzer . | . . . . Garrison Access Hacks . | . . . . Unauthorized Hacks . | . . . . Terminals . | . . . . Fabricators . | . . . . Repair Stations . | . . . . Recycling Units . | . . . . Scanalyzers . | . . . . Garrison Access . | . . . . Data Cores Recovered . | . . . . Used . | . . . . Hacking Detections . | . . . . Full Trace Events . | . . . . Feedback Events . | . . . . Feedback Blocked . | . . . . Robot Schematics Acquired . | . . . . Robots Built . | . . . . Authchips . | . . . . Time . | . . . . Total Robot Build Rating . | . . . . Part Schematics Acquired . | . . . . Parts Built . | . . . . Authchips . | . . . . Time . | . . . . Total Part Build Rating . | . . . . Parts Repaired . | . . . . Time . | . . . . Parts Recycled . | . . . . Recycled Matter . | . . . . Retrieved Matter . | . . . . Retrieved Components . | . . . . Parts Scanalyzed . | . . . . Part Schematics Acquired . | . . . . Parts Damaged . | . . . . Bothacking | -11 -10 -10 -9 ------------ Run | Yrd Mat Min Mat Used RIF Installer . | . . . . Robots Hacked . | . . . . Non-combat . | . . . . Combat . | . . . . Robot Hacks Applied . | . . . . Relay Couplers Released . | . . . . Fabnet Peak Effective % . | . . . . Robots Rewired . | . . . . Allies Hacked . | . . . . Hacks Repelled . | . . . . Allies | -11 -10 -10 -9 -------- Run | Yrd Mat Min Mat Total Allies . | . . . . Largest Group . | . . . . Highest-Rated Group . | . . . . Highest-Rated Ally . | . . . . Total Orders . | . . . . Ally Attacks . | . . . . Total Damage . | . . . . Kills . | . . . . Allies Corrupted . | . . . . Allies Melted . | . . . . Intel | -11 -10 -10 -9 ------- Run | Yrd Mat Min Mat Robot Analysis Total . | . . . . Derelict Logs Recovered 1 | . . 1 . Drone Launches . | . . . . Drone Recoveries . | . . . . Exploration | -11 -10 -10 -9 ------------- Run | Yrd Mat Min Mat Turns Passed 391 | 73 279 37 2 Spaces Moved 241 | 51 156 32 2 Core 24 | 19 . 5 . Treads . | . . . . Legs 194 | 32 156 6 . Wheels 23 | . . 21 2 Hover . | . . . . Flight . | . . . . Fastest Speed 50 | 50 120 80 80 Average Speed 118 | 97 126 111 80 Slowest Speed 200 | 150 190 200 80 Overloaded Moves . | . . . . Propulsion Burnouts . | . . . . Robots Hopped . | . . . . Cave-ins Triggered . | . . . . Exploration Rate (%) 13 | 4 36 11 2 Regions Visited 3 Branch Regions 1 Pre-discovered Areas . | . . . . Known Exits Taken . | . . . . Unknown Exits Taken 3 | 1 1 1 . Scrap Searched . | . . . . Spaces Dug . | . . . . Terrain Destroyed 85 | . 85 . . Melee . | . . . . Projectile . | . . . . AOE 85 | . 85 . . Terrain Rammed . | . . . . Walls Destroyed . | . . . . Machines Disabled . | . . . . Actions | -11 -10 -10 -9 --------- Run | Yrd Mat Min Mat Total 306 | 69 202 33 2 Wait 8 | . 7 1 . Move 238 | 50 155 31 2 Hop . | . . . . Pick Up 13 | 10 3 . . Fast Attach 2 | 2 . . . Attach 7 | 5 1 1 . Detach . | . . . . Swap 1 | . 1 . . Drop . | . . . . Fire 37 | 2 35 . . Melee . | . . . . Ram . | . . . . Kick . | . . . . Crush . | . . . . Escape Stasis . | . . . . Rewire . | . . . . Trap . | . . . . Miscellaneous . | . . . . Route ------- -11/Scrapyard -10/Materials (discovered 2 exits: [*Min x2]) -10/Mines (discovered 2 exits: [*Mat] / Sub) -9/Materials History --------- Turn | Location | Event 6 | -11/Scrapyard | Discovered new exit (range 15) 74 | -11/Scrapyard | Entered Materials 278 | -10/Materials | Discovered new exit (range 15) 300 | -10/Materials | Build established: Mutant 341 | -10/Materials | Discovered new exit (range 7) 353 | -10/Materials | Entered Mines 367 | -10/Mines | Core integrity fell below 50% 382 | -10/Mines | Discovered new exit (range 9) 384 | -10/Mines | Identified exit to Subcaves 387 | -10/Mines | Received a Rocket Launcher from a helpful Derelict 390 | -10/Mines | Entered Materials 390 | -9/Materials | Evolved 2 slots: Propulsion x2 392 | -9/Materials | Self-destructed Last Messages --------------- 00383_ UC-8ZU(g): "Pshh... whatever." 00384_ UC-8ZU(g): "Everyone knows a good old rocket launcher goes a long way." 00384_ K-01 Serf collects debris. 00384_ Acquired derelict log, extracted data. 00385_ UC-8ZU(g): "Need to get rid of a swarm? Done. Need a big hole in the wall? Done." 00386_ UC-8ZU(g): "Need a small hole in the wall? Leave that to the mining laser wimps, I say!" 00387_ UC-8ZU(g): "Would you like a rocket launcher? I know I would if I were you, so I'm going to lend you mine." 00387_ UC-8ZU(g) slips back into the shadows. PARAMETERS=PROPULSION+2 LOCATION=UNKNOWN GOAL=ESCAPE 00391_ O-16 Technician: "IFF HANDSHAKE FAILED. SECURING TERMINAL." 00392_ O-16 Technician uses terminal to summon reinforcements. 00392_ ALERT: Hostiles spotted, dispatching reinforcements to Terminal M001. 00392_ O-16 Technician locks terminal. Map ----- +----------------------------------------------------+ | ?????????????????????????????????????????????????? | | ?????????????????????????????????????????????????? | | ?????????????????????????????????????????????????? | | ?????????????????????????????????????????????????? | | ?????????????????????????????????????????????????? | | ?????????????????????????????????????????????????? | | ?????????????????????????????????????????????????? | | ?????????????????????????????????????????????????? | | ?????????????????????????????????????????????????? | | ?????????????????????????????????????????????????? | | ?????????????????????????????????????????????????? | | ?????????????????????????????????????????????????? | | ?????????????????????????????????????????????????? | | ?????????????????????????????????????????????????? | | ?????????????????????????????????????????????????? | | ????????????????????????????#????????????????????? | | ??????????????#???########## ????????????????????? | | ??????????????# ? ?????????????????????? | | ?????????????## ?????????????????????? | | ?????????????+ ! ?????????????????????? | | ??????????????# ??????????????????????? | | ??????????????# o ??????????????????????? | | ??????????????# "T" #????###???????????????? | | ??????????????# """ #?? #???????????????? | | ??????????????# # #???????????????? | | ??????????????# @/ """ #???????????????? | | ??????????????# ##### # """ #???????????????? | | ??????????????????????# #??"" #???????????????? | | ??????????????????????# #???? +???????????????? | | ??????????????????????#####??????????????????????? | | ?????????????????????????????????????????????????? | | ?????????????????????????????????????????????????? | | ?????????????????????????????????????????????????? | | ?????????????????????????????????????????????????? | | ?????????????????????????????????????????????????? | | ?????????????????????????????????????????????????? | | ?????????????????????????????????????????????????? | | ?????????????????????????????????????????????????? | | ?????????????????????????????????????????????????? | | ?????????????????????????????????????????????????? | | ?????????????????????????????????????????????????? | | ?????????????????????????????????????????????????? | | | | | | | | | | | | | | | | | +----------------------------------------------------+ Best States ------------- Heat Dissipation 25 Energy Generation 10 Energy Capacity 125 Matter Stores 242 Matter Capacity 300 Sight Range 16 Terrain Scan Density 10 Evasion (%) 55 Item Schematics ----------------- None Robot Schematics ------------------ None Fabricated ------------ Nothing Alien Tech Used ----------------- None Achievements -------------- Oops Challenges ------------ None Game ------ Seed ShadingSubdwellerSteel Manual? 0 Play Time 00:05:27 Cumulative 7.8 hours Start 2024.08.02 @ 14:09:37 End 2024.08.02 @ 14:15:00 Sessions 1 Manual Loads 0 Difficulty Rogue Special Mode None Game No. 11 Rogue 11 Adventurer 0 Explorer 0 Win Type - Total 0 Types 0/0/0/0/0/0/0/0/0 Lore% 7 Gallery% 14 Achievement% 14 Wizard Run 0 Options --------- Layout 1 ASCII 0 Keyboard 0 Movement Mouse Keybinds 0 Fullscreen 1 Font 24/Smallcaps Map View 76x35 Zoom Use 0% Tactical HUD 1 Map Filters NONE Filters NONE Steam 1 RUN: f6074fd2-96af-4749-a851-95aefe7272b5